 Dungeon Crawl Stone Soup version 0.18-a0-1027-g814d7dd (webtiles) character file.

767 tof the Sneak (level 7, -3/41 HPs)
             Began as a Tengu Assassin on Jan 7, 2016.
             Slain by a killer bee (5 damage)
             ... on level 5 of the Dungeon.
             The game lasted 00:15:46 (3959 turns).

tof the Sneak (Tengu Assassin)                      Turns: 3959, Time: 00:15:49

Health: -3/41      AC:  5    Str: 17    XL:     7   Next: 82%
Magic:  1/8        EV: 13    Int: 11    God:
Gold:   218        SH:  0    Dex: 17    Spells: 1 memorised, 4 levels left

rFire  + . .     SeeInvis .     a - +4 short sword (venom)
rCold  . . .     Gourm    .     o - +2 robe {rF+}
rNeg   . . .     Faith    .     (no shield)
rPois  .         Spirit   .     (helmet restricted)
rElec  .         Dismiss  .     l - +0 cloak
rCorr  .         Reflect  .     (no gloves)
SustAt .         Harm     .     (boots unavailable)
MR     .....                    H - amulet of mana regeneration
Stlth  +++++.....               F - ring of wizardry
                                w - ring of stealth

@: mighty, lethally poisoned (-3 -> -17), very slightly contaminated, not
resistant to hostile enchantments, quite stealthy
A: beak, talons 3, able to fly 1
a: Fly


You were on level 5 of the Dungeon.
You were not hungry.

You visited 1 branch of the dungeon, and saw 5 of its levels.

You collected 218 gold pieces.

Inventory:

Hand Weapons
 a - a +4 short sword of venom (weapon)
 b - a +0 blowgun
 d - a +2 dagger
Missiles
 e - 55 poisoned needles
 f - 2 curare-tipped needles
Armour
 c - a +0 robe
 l - a +0 cloak (worn)
 o - a +2 robe of fire resistance (worn)
 G - the +5 ring mail of Vehumet's Envy {rC+ rCorr, unknown}
   (You found it on level 4 of the Dungeon)

   It protects you from cold.
   It protects you from acid and corrosion.
 I - a +0 pair of gloves
Jewellery
 w - a ring of stealth (left hand)
 F - a ring of wizardry (right hand)
 H - an amulet of mana regeneration (around neck)
 L - an uncursed ring of poison resistance
Wands
 B - a wand of teleportation (3/9)
Scrolls
 k - a scroll of fog
 r - a scroll of noise
 s - 2 scrolls of remove curse
 u - a scroll of identify {unknown}
 y - a scroll of fear {unknown}
 z - a scroll of magic mapping
 A - a scroll of recharging {unknown}
 C - a scroll of enchant armour {unknown}
 K - a scroll of immolation {unknown}
Potions
 i - 2 potions of might
 m - a potion of flight {unknown}
 n - a potion of invisibility {unknown}
 p - a potion of mutation {unknown}
 q - 3 potions of brilliance {unknown}
 t - 3 potions of cure mutation {unknown}
 x - a potion of heal wounds {unknown}
 E - a potion of poison {unknown}
Books
 D - a book of Maledictions

   Spells                             Type                      Level
   a - Corona                         Hexes                        1
   b - Ensorcelled Hibernation        Hexes/Ice                    2
   c - Confuse                        Hexes                        3
   d - Tukima's Dance                 Hexes                        3
   e - Dazzling Spray                 Conjuration/Hexes            3
Comestibles
 g - 2 bread rations
 j - 3 slices of pizza
 v - a beef jerky


   Skills:
 + Level 3.1 Fighting
 * Level 4.4 Short Blades
 + Level 3.1 Throwing
 + Level 2.7 Dodging
 * Level 7.8 Stealth
 + Level 0.1 Hexes
 + Level 0.3 Ice Magic


You had 4 spell levels left.
You knew the following spells:

 Your Spells              Type           Power        Failure   Level  Hunger
a - Ensorcelled Hibernat  Hex/Ice        #.....       26%         2    ###....


Dungeon Overview and Level Annotations

Branches:
Dungeon (5/15)
 Temple: D:4-7

Altars:
Kikubaaqudgha
Okawaru
Ru
Vehumet
Xom
Yredelemnul
The Shining One


Innate Abilities, Weirdness & Mutations

You have a beak for a mouth.
You have claws for feet.
You can fly.


Message History

The killer bee barely misses you.
Casting: Ensorcelled Hibernation
Confirm with . or Enter, or press ? or * to list all spells.
Aiming: Ensorcelled Hibernation
Press: ? - help, Shift-Dir - straight line, f/p - killer bee
Aim: a killer bee (almost dead, poisoned, chance to defeat MR: 41%)
You miscast Ensorcelled Hibernation.
Nothing appears to happen.
* * * LOW HITPOINT WARNING * * *
You feel sick.
The killer bee stings you but does no damage.
The killer bee stings you.
* * * LOW HITPOINT WARNING * * *
Drink which item? (? for menu, Esc to quit)
It was a potion of might.
You feel very mighty all of a sudden.
* * * LOW HITPOINT WARNING * * *
You feel sick.
You kill the killer bee!
The killer bee stings you.
You die...

#..## #...##
### #.#..###
##<###......##
#.....!...#...
#..........yy.
#yy...........
##y##.....#...
#@####......!
#.# .y.####
#.# ...# #.#
...# ####.##
...# ##.....#
...#
#......###...
#..._........
#......###.##


You could see 3 killer bees.

Vanquished Creatures
  Grinder (D:3)
  Sigmund (D:2)
  The ghost of Pikaro the Carver, an amateur HEWn (D:4)
  2 killer bees (D:5)
  Ijyb (D:3)
  Terence (D:2)
  Natasha (twice) (D:3)
  2 worker ants (D:4)
  An adder skeleton (D:4)
  A worm (D:1)
  A giant gecko (D:2)
  4 orcs (D:4)
  8 bats
  3 giant cockroaches
  7 hobgoblins
  4 giant newts
  10 goblins
  4 kobolds
  5 rats
59 creatures vanquished.

Notes
Turn   | Place    | Note
--------------------------------------------------------------
     0 | D:1      | tof the Tengu Assassin began the quest for the Orb.
     0 | D:1      | Reached XP level 1. HP: 12/12 MP: 2/2
   152 | D:1      | Reached XP level 2. HP: 17/17 MP: 3/3
   953 | D:1      | Reached XP level 3. HP: 20/22 MP: 4/4
  1192 | D:2      | Noticed Sigmund
  1213 | D:2      | Killed Sigmund
  1213 | D:2      | Reached skill level 6 in Stealth
  1213 | D:2      | Reached XP level 4. HP: 18/27 MP: 5/5
  1213 | D:2      | Gained mutation: You can fly. [Tengu growth]
  1213 | D:2      | Reached XP level 5. HP: 20/31 MP: 6/6
  1317 | D:2      | Found a glowing golden altar of the Shining One.
  1413 | D:2      | Found a shimmering altar of Xom.
  1455 | D:2      | Found an iron altar of Okawaru.
  1550 | D:2      | Noticed Terence
  1554 | D:2      | Killed Terence
  1800 | D:2      | Reached XP level 6. HP: 36/36 MP: 7/7
  2302 | D:3      | Found a radiant altar of Vehumet.
  2407 | D:3      | Found a basalt altar of Yredelemnul.
  2438 | D:3      | Noticed Grinder
  2454 | D:3      | Paralysed by Grinder for 6 turns
  2455 | D:3      | Killed Grinder
  2455 | D:3      | Reached skill level 7 in Stealth
  2455 | D:3      | Reached XP level 7. HP: 24/40 MP: 8/8
  2593 | D:3      | Noticed Ijyb
  2606 | D:3      | Killed Ijyb
  2688 | D:3      | Noticed Natasha
  2694 | D:3      | Killed Natasha
  2908 | D:3      | Noticed Natasha
  2915 | D:3      | Killed Natasha
  2989 | D:4      | Noticed Pikaro's ghost (amateur HEWn)
  3004 | D:4      | Killed Pikaro's ghost
  3121 | D:4      | Found an ancient bone altar of Kikubaaqudgha.
  3435 | D:4      | Learned a level 2 spell: Ensorcelled Hibernation
  3453 | D:4      | Found a sacrificial altar of Ru.
  3505 | D:4      | Got a jet-encrusted ring mail
  3893 | D:5      | Entered Level 5 of the Dungeon
  3912 | D:5      | Found a shimmering altar of Xom.
  3959 | D:5      | HP: 2/41 [poisoned by a killer bee]
  3959 | D:5      | Slain by a killer bee

Vault maps used:
D:1:      onia_arrival_pyramid, minmay_misc_feat_hallway, minmay_misc_feat_rows
D:2:      nicolae_tso_carved_into_rock, grunt_temple_overflow_open,
          uniq_terence, uniq_sigmund
D:3:      lemuel_round_altar, yredelemnul_altar_generic, first_bread,
          uniq_natasha, uniq_grinder, uniq_iyjb
D:4:      kiku_gazebo_garden_becter, nicolae_ru_sacrificial_ziggurat
D:5:      forest_paths, minmay_temple_entry_statues, basic_altar,
          uniq_crazy_yiuf_cottage, uniq_eustachio, uniq_edmund

Action                   |  1- 3 |  4- 6 |  7- 9 || total
-------------------------+-------+-------+-------++-------
Melee: Dagger            |    29 |       |       ||    29
       Short sword       |    12 |    39 |    41 ||    92
 Fire: Blowgun           |     9 |    10 |    13 ||    32
 Cast: Ensorcelled Hiber |       |       |     7 ||     7
  Use: Potion            |     1 |       |     1 ||     2
       Scroll            |       |       |     7 ||     7
 Stab: Sleeping          |     7 |     6 |     8 ||    21
  Eat: Chunk             |       |     5 |     5 ||    10
